 Dungeon Crawl Stone Soup version 0.31-a0-241-g00f4a5a00c (webtiles) character file.

Game seed: 15859879603602078263

140 qw the Shooter (level 5, -1/30 HPs)
             Began as a Gargoyle Hexslinger on July 12, 2023.
             Slain by an orc wizard
             ... wielding a +0 dagger
              (2 damage)
             ... on level 3 of the Dungeon.
             The game lasted 00:01:11 (2481 turns).

qw the Shooter (Gargoyle Hexslinger)                Turns: 2481, Time: 00:01:11

Health: -1/30      AC:  8    Str: 12    XL:     5   Next: 23%
Magic:  6/6        EV: 11    Int: 13    God:
Gold:   97         SH:  0    Dex: 14    Spells: 5/6 levels left

rFire   . . .        Y - +1 sling
rCold   . . .        (no shield)
rNeg    + . .        d - +0 leather armour
rPois   inf          b - +0 helmet
rElec   +            (no cloak)
rCorr   .            (no gloves)
SInv    .            (no boots)
Will    .....        (no amulet)
Stlth   +            (no ring)
HPRegen 0.25/turn    (no ring)
MPRegen 0.10/turn

%: no passive effects
@: no status effects
A: sickness immunity, AC +4, negative energy resistance 1, electricity
resistance, torment resistance 1, petrification resistance
a: no special abilities


You were on level 3 of the Dungeon.
You visited 1 branch of the dungeon, and saw 3 of its levels.

You collected 138 gold pieces.
You spent 41 gold pieces at shops.


Innate Abilities, Weirdness & Mutations

You are immune to sickness and miasma.
Your stone body is resilient. (AC +4)
You are immune to poison.
You resist negative energy. (rN+)
You are resistant to electric shocks. (rElec)
You are resistant to unholy torment.
You are immune to petrification.


   Skills:
 + Level 2.0 Fighting
 - Level 5.0 Ranged Weapons
 - Level 1.5 Dodging
 - Level 1.0 Spellcasting
 - Level 2.6 Hexes


You had 5 spell levels left.
You knew the following spells:

 Your Spells              Type           Power      Damage    Failure   Level
a - Slow                  Hex            28%        N/A       12%         1

Your spell library contained the following spells:

 Spells                   Type           Power      Damage    Failure   Level
 Inner Flame              Hex/Fire       4%         N/A       52%         3
 Portal Projectile        Hex/Tloc       8%         N/A       52%         3
 Cause Fear               Hex            3%         N/A       75%         4

Inventory:

Hand Weapons
 Y - a +1 sling (weapon)
Armour
 a - a scarf of harm
 b - a +0 helmet (worn)
 c - a +0 ring mail
 d - a +0 leather armour (worn)
Scrolls
 g - 2 scrolls of identify {unknown}
Potions
 e - a potion of curing {unknown}
 f - a potion of magic {unknown}
 h - a potion of invisibility {unknown}
 i - a potion of haste {unknown}

Dungeon Overview and Level Annotations

Branches:
Dungeon (3/15)

Altars:

Shops:
D:3 *


Message History

You shoot a sling bullet.
The sling bullet completely misses the orc.
Something hits you but does no damage. The orc hits you with a +0 mace.
You shoot a sling bullet.
The sling bullet completely misses the orc.
The orc hits you but does no damage. Something hits you.
You shoot a sling bullet. The sling bullet barely misses the orc.
The orc hits you but does no damage. Something hits you but does no damage.
You shoot a sling bullet. The sling bullet hits the orc!
You kill the orc!
The bat barely misses you. The bat misses you.
Something hits you but does no damage.
You shoot a sling bullet.
The sling bullet closely misses the bat.
The bat hits you but does no damage. Something hits you.
You hear some strange, mumbled words.
A magic dart appears from out of thin air!
The magic dart hits you but does no damage.
You shoot a sling bullet.
The sling bullet closely misses the bat.
The bat closely misses you.
You hear some strange, mumbled words.
A magic dart appears from out of thin air!
The magic dart hits you.
You shoot a sling bullet.
The sling bullet closely misses the bat.
The bat hits you but does no damage. Something hits you but does no damage.
You shoot a sling bullet. The bat hits you but does no damage.
The bat closely misses you. Something hits you but does no damage.
You shoot a sling bullet. The sling bullet misses the bat.
The bat hits you but does no damage. Something hits you.
You shoot a sling bullet. The sling bullet misses the bat.
The bat hits you but does no damage. Something hits you but does no damage.
The bat hits you but does no damage.
You shoot a sling bullet.
The sling bullet closely misses the bat.
The bat hits you but does no damage. Something hits you but does no damage.
Something hits you.
You die...

#.(.................##.#
#...#
...#####..........#####.#
#...#
.#.#####.[.[###.#.... ..#
#.... ##.##..%....# #...#
##
#.##.##.##(###.####....
#.#. #.##..........# ...
..#######.###.# ### .###
#.# ## #@# #{)......
###...... ...... .....
..... .... ####


There were no monsters in sight!

Vanquished Creatures
  Robin (D:2)
  4 adders
  4 worms (D:2)
  6 orcs (D:3)
  5 ball pythons
  7 bats
  5 endoplasms
  4 giant cockroaches
  14 goblins
  7 hobgoblins
  A quokka (D:3)
  3 frilled lizards
  7 kobolds
  5 rats
73 creatures vanquished.

Notes
Turn   | Place    | Note
-------+----------+-------------------------------------------
     0 | D:1      | qw the Gargoyle Hexslinger began the quest for the Orb.
     0 | D:1      | Reached XP level 1. HP: 12/12 MP: 2/2
     0 | D:1      | 0 ||| qw: Version: 0.3-a-52-g30416fa
     0 | D:1      | 0 ||| qw: Game counter: 6188
     0 | D:1      | 0 ||| qw: Melee chars always use a shield: true
     0 | D:1      | 0 ||| qw: God list: Okawaru
     0 | D:1      | 0 ||| qw: Allow faded altars: false
     0 | D:1      | 0 ||| qw: Do Orc after clearing Dungeon:15 true
     0 | D:1      | 0 ||| qw: Do second Lair branch before Depths: true
     0 | D:1      | 0 ||| qw: Lair rune preference: random
     0 | D:1      | 0 ||| qw: Goals: Normal
     0 | D:1      | 0 ||| PLANNING D:1-11
   158 | D:1      | Reached XP level 2. HP: 16/16 MP: 3/3
   287 | D:1      | Reached skill level 3 in Ranged Weapons
   764 | D:1      | 764 ||| UPGRADING to +0 leather armour.
   774 | D:1      | 774 ||| DROPPING +0 robe.
   775 | D:1      | 775 ||| DROPPING scroll of poison.
   803 | D:2      | Noticed Robin
   807 | D:2      | 807 ||| STAIRDANCE
   811 | D:1      | Reached XP level 3. HP: 14/21 MP: 4/4
   843 | D:2      | 843 ||| STAIRDANCE
   888 | D:2      | 888 ||| STAIRDANCE
   938 | D:2      | 938 ||| STAIRDANCE
   970 | D:2      | 970 ||| STAIRDANCE
   995 | D:2      | 995 ||| STAIRDANCE
  1026 | D:2      | Killed Robin
  1142 | D:2      | Reached XP level 4. HP: 18/26 MP: 5/5
  1267 | D:2      | 1267 ||| FLEEEEING.
  1356 | D:2      | Reached skill level 4 in Ranged Weapons
  1504 | D:2      | 1504 ||| FLEEEEING.
  1943 | D:2      | 1943 ||| UPGRADING to +0 helmet.
  1948 | D:2      | 1948 ||| READING scroll labelled NUPHER SOIMUS.
  1953 | D:2      | 1953 ||| READING scroll labelled QYGOID WULAEBYANG.
  1954 | D:2      | 1954 ||| READING scroll labelled FIROITZ LOUWN.
  2173 | D:3      | Reached XP level 5. HP: 22/30 MP: 6/6
  2347 | D:3      | Found Xoicw's Assorted Antiques.
  2362 | D:3      | 2362 ||| BUYING fuming white potion (19 gold).
  2362 | D:3      | Bought a fuming white potion for 19 gold pieces
  2362 | D:3      | 2362 ||| SHOPLISTING potion of resistance (220 gold, have
                  | 108).
  2362 | D:3      | 2362 ||| BUYING scroll labelled DYBOLI LIETASI (22 gold).
  2362 | D:3      | Bought a scroll labelled DYBOLI LIETASI for 22 gold pieces
  2471 | D:3      | Reached skill level 5 in Ranged Weapons
  2475 | D:3      | HP: 7/30 [something (2)]
  2476 | D:3      | HP: 3/30 [something/magic dart (4)]
  2479 | D:3      | HP: 1/30 [something (3)]
  2481 | D:3      | Slain by an orc wizard

Levels and vault maps discovered:
D:1:      lightli_arrival_quake, layout_loops_ring
D:2:      layout_loops_ring, moated_statue, roderic_filled_cross, uniq_robin
D:3:      layout_loops_cross, serial_shops, nicolae_shop_peninsula

Skill      XL: |  1  2  3  4  5 |
---------------+----------------+-----
Ranged Weapons | 3 4 5 |  5.0
Fighting       | 2 |  2.0
Dodging        | |  1.5
Spellcasting   | |  1.0
Hexes          | |  2.6

Action                     |  1- 3 |  4- 6 || total
---------------------------+-------+-------++-------
   Fire: Sling             |   147 |   179 ||   326
    Use: Scroll            |       |     3 ||     3
 Armour: Robe              |    15 |       ||    15
         Leather armour    |    28 |    58 ||    86
  Dodge: Dodged            |    64 |    50 ||   114

Table legend:
 A = Non-vault XP
 B = Vault XP
 C = Vault XP percentage of total XP
 D = Non-vault monster count
 E = Vault monster count
 F = Vault count percentage of total count
                 A         B        C        D         E       F
            +---------+---------+-------+---------+---------+-------
      Total |     164 |      37 |  18.4 |      60 |      13 |  17.8
            +---------+---------+-------+---------+---------+-------
        D:1 |      32 |      18 |  36.0 |      21 |      10 |  32.3
        D:2 |      55 |      19 |  25.7 |      18 |       3 |  14.3
        D:3 |      77 |       0 |   0.0 |      21 |       0 |   0.0
            +---------+---------+-------+---------+---------+-------
